 Dungeon Crawl Stone Soup version 0.31-a0-995-g04711c9635 (webtiles) character file.

Game seed: 17338667014252498703

62467 AlexRAT the Severer (level 14, -16/136 HPs)
             Began as a Minotaur Berserker on Nov 6, 2023.
             Was a High Priest of Trog.
             Demolished by a juggernaut (61 damage)
             ... on level 3 of the Abyss.
             The game lasted 00:35:18 (17976 turns).

AlexRAT the Severer (Minotaur Berserker)           Turns: 17976, Time: 00:35:19

Health: -16/136    AC: 37    Str: 32    XL:     14   Next: 64%
Magic:  13/13      EV: 13    Int: 11    God:    Trog [*****.]
Gold:   1302       SH:  0    Dex: 11    Spells: 13/13 levels left

rFire   . . .        S - +7 executioner's axe
rCold   . . .        (shield currently unavailable)
rNeg    . . .        m - +13 plate armour "Geplioxkin" {Int+5}
rPois   .            (helmet restricted)
rElec   +            C - +2 cloak
rCorr   +            l - +0 pair of gloves
SInv    .            H - +0 pair of boots {Stlth+}
Will    +....        e - amulet "Pompitt" {Acrobat rElec Int+2} Stlth
                     D - +6 ring of strength
HPRegen 0.42/turn    b - ring of resist corrosion
MPRegen 0.13/turn

%: acrobat
@: glowing, invisible (but backlit and visible)
A: horns 2, retaliatory headbutt
a: Renounce Religion, Berserk, Trog's Hand, Brothers in Arms


You were on level 3 of the Abyss.
You worshipped Trog.
Trog was extremely pleased with you.
You visited 2 branches of the dungeon, and saw 17 of its levels.
You visited the Abyss 1 time.
You also visited: Sewer and Gauntlet.

You collected 1302 gold pieces.

Inventory:

Hand Weapons
 h - a +6 battleaxe
 O - a +4 scimitar of flaming
 S - a +7 executioner's axe (weapon)
Missiles
 t - 3 throwing nets
 Q - 5 javelins
Armour
 l - a +0 pair of gloves (worn)
 m - the +13 plate armour "Geplioxkin" (worn) {Int+5}
   (You acquired it on level 8 of the Dungeon)

   Int+5:     It affects your intelligence (+5).
 n - a +0 ring mail of cold resistance
 C - a +2 cloak (worn)
 H - a +0 pair of boots of stealth (worn)
Jewellery
 b - a ring of resist corrosion (right hand)
 e - the amulet "Pompitt" (around neck) {Acrobat rElec Int+2}
   (You took it off an efreet on level 12 of the Dungeon)

   [amulet of the acrobat]

   Acrobat:   It increases your evasion while moving and waiting.
   Int+2:     It affects your intelligence (+2).
   rElec:     It insulates you from electricity.
 g - a ring of fire
 D - a +6 ring of strength (left hand)
 F - a +4 ring of protection
 M - a ring of see invisible
Talismans
 q - a serpent talisman
Wands
 d - a wand of charming (17)
 o - a wand of quicksilver (5)
 E - a wand of polymorph (10)
Scrolls
 c - 5 scrolls of blinking
 f - 9 scrolls of teleportation
 k - a scroll of silence
 p - 3 scrolls of butterflies
 s - 3 scrolls of fog
 y - 3 scrolls of immolation
 B - 3 scrolls of enchant armour
 K - 2 scrolls of vulnerability
 L - 3 scrolls of noise
 N - 3 scrolls of fear
Potions
 a - 2 potions of invisibility
 i - a potion of cancellation {unknown}
 j - 3 potions of enlightenment
 r - 8 potions of curing
 u - 2 potions of berserk rage
 v - 3 potions of might
 w - 7 potions of heal wounds
 x - 2 potions of ambrosia {unknown}
 z - 3 potions of lignification
 A - 5 potions of brilliance
 G - 4 potions of magic {unknown}
 J - 3 potions of haste {unknown}
 P - a potion of degeneration {unknown}
 R - 2 potions of mutation {unknown}
Miscellaneous
 I - a condenser vane


   Skills:
 + Level 15.9 Fighting
 + Level 16.0 Axes
 + Level 15.7 Armour
 + Level 14.5 Dodging


You had 13 spell levels left.
You didn't know any spells.
Your spell library was empty.

Dungeon Overview and Level Annotations

Branches:
Dungeon (12/15)            Temple (0/1) D:4            Lair (5/5) D:8
  Swamp (0/4) Lair:3        Snake (0/4) Lair:2        Slime (0/5) Lair:4
    Orc (0/2) D:12          Sewer (visited)         Gauntlet (visited)

Altars:
Cheibriados
Fedhas
Gozag
Nemelex Xobeh
Qazlal
Ru
Sif Muna
Yredelemnul

Shops:
D:1 (

Portals:
Abyss: Lair:4

Annotations:
D:7 1 runed translucent door
Lair:4 1 transporter


Innate Abilities, Weirdness & Mutations

You have a pair of horns on your head.
You reflexively headbutt those who attack you in melee.


Message History

The spriggan rider hits you with a +2 trident of distortion.
Space warps horribly around you!!
You see here 19 gold pieces.
You miss the spriggan rider.
Your headbutt misses the spriggan rider.
The spriggan rider hits you with a +2 trident of distortion.
Space warps horribly around you! The spriggan rider closely misses you.
You barely miss the spriggan rider.
Your headbutt misses the spriggan rider.
The spriggan rider hits you with a +2 trident of distortion!
You are cast into the Abyss!
This branch contains the abyssal rune of Zot.
The abyssal matter surrounding you shimmers strangely.
You detect the abyssal rune!
A +2 long sword of holy wrath and 2 cherubim come into view.
A cherub is wielding a +2 flail of flaming.
A cherub is wielding a +3 scimitar of flaming.
Found two runelights.
Okay, then.
You become transparent, but the glow from the halo prevents you from becoming completely invisible.
The cherub's human head shouts!
The cherub's lion head roars!
Found a runelight.
The cherub unwields a +2 flail of flaming.
It stops flaming.
The cherub wields a +0 longbow.
The cherub shoots an arrow.
The arrow hits you!
The cherub unwields a +3 scimitar of flaming.
It stops flaming.
The cherub wields a +0 shortbow.
The cherub shoots an arrow.
The arrow hits you but does no damage.
Okay, then.
The cherub shoots an arrow.
The arrow closely misses you.
The arrow hits the +2 long sword of holy wrath!
The cherub shoots an arrow.
The arrow closely misses you.
You open the door.
A juggernaut comes into view.
The juggernaut shouts!
The +2 long sword of holy wrath hits you.
The cherub shoots an arrow.
The arrow hits you!
The cherub shoots an arrow.
The arrow hits you but does no damage.
The +2 long sword of holy wrath hits you but does no damage.
The juggernaut hits you!!!
You die...

... .# ##..#
... # ⌠.. ...
#+#8..#.....
##⌠##⌠.......
##...#........
#.....#.#....
#...(.#.# ...
#..@..#.. .
#A#C#A#..# #
#.###. . #φ# .
.. ### ###


You could see a juggernaut, 2 cherubim and a +2 long sword of holy wrath.

Vanquished Creatures
  A dire elephant (Lair:5)
  A minotaur (Gauntlet)
  The ghost of Tinttamiau the Sage, a journeyman DEAE of Sif Muna (Lair:4)
  A merfolk avatar (Lair:5)
  4 hydras
  3 two-headed ogres
  A catoblepas (Lair:1)
  4 boulder beetles
  The ghost of Pascal76 the Fighter, a novice DsFi of Trog (D:9)
  13 death yaks
  A sixfirhy (Gauntlet)
  A sea snake (Lair:5)
  An orange crystal statue (Gauntlet)
  2 harpies (Lair:5)
  An arcanist (Gauntlet)
  A large abomination (Lair:4)
  A deep elf zephyrmancer (D:12)
  2 ugly things (Lair:4)
  2 manticores (Lair:5)
  A will-o-the-wisp (Lair:3)
  A moth of wrath (D:9)
  2 black mambas
  The ghost of ox1011 the Chopper, a novice MiBe of Trog (D:5)
  12 elephants
  An apocalypse crab (Lair:4)
  11 cane toads
  An ice statue (Gauntlet)
  2 torpor snails
  2 gargoyles
  3 rime drakes
  Maggie (Lair:1)
  2 efreet
  11 komodo dragons
  2 trolls
  An ancient zyme (Lair:4)
  3 hornets
  A meliai (shapeshifter) (Lair:4)
  4 polar bears
  11 blink frogs
  A wind drake (D:7)
  Prince Ribbit (D:6)
  6 dream sheep (Lair:3)
  2 snapping turtles (Lair:5)
  2 slime creatures (D:11)
  A shadow (D:10)
  6 wyverns
  55 yaks
  4 basilisks
  3 steam dragons
  A wraith (D:12)
  2 fire elementals (Gauntlet)
  6 vampire mosquitoes
  Menkaure (D:6)
  3 nagas (Lair:2)
  2 acid dragons (D:12)
  2 hell hounds (Gauntlet)
  14 water moccasins
  An ice beast (D:5)
  2 black bears
  8 orc warriors
  A sky beast (D:7)
  2 ogres
  2 centaurs
  2 phantoms
  4 kobold brigands
  10 bullfrogs
  2 gnoll sergeants
  4 scorpions
  7 wights
  7 howler monkeys
  2 gnoll boudas
  11 orc priests
  3 hounds
  4 jellies
  An iguana (D:6)
  8 orc wizards
  17 gnolls
  A river rat (Sewer)
  6 adders
  2 shadow imps
  3 white imps
  7 ufetubi
  4 dart slugs
  36 orcs
  2 endoplasms
  A giant cockroach (D:1)
  10 goblins
  5 hobgoblins
  A jackal (Sewer)
  A quokka (D:3)
  8 ball pythons
  11 bats
  A frilled lizard (D:1)
  24 kobolds
  7 rats
  A spectral weapon (Gauntlet)
456 creatures vanquished.

Vanquished Creatures (others)
  An orc wizard (D:11)
  4 foxfires (Lair:3)
5 creatures vanquished.

Grand Total: 461 creatures vanquished

Notes
Turn   | Place    | Note
-------+----------+-------------------------------------------
     0 | D:1      | AlexRAT the Minotaur Berserker began the quest for the Orb.
     0 | D:1      | Reached XP level 1. HP: 19/19 MP: 0/0
   339 | D:1      | Reached XP level 2. HP: 27/27 MP: 1/1
   397 | D:1      | Found Disixop's Weapon Emporium.
   823 | D:2      | Found a sparkling altar of Nemelex Xobeh.
   945 | D:2      | Reached skill level 4 in Axes
   997 | D:2      | Reached XP level 3. HP: 30/33 MP: 2/2
  1030 | D:2      | Reached ** piety under Trog
  1294 | D:2      | Found a faded altar of an unknown god.
  1781 | D:3      | Reached XP level 4. HP: 39/40 MP: 3/3
  2329 | D:3      | Reached XP level 5. HP: 47/47 MP: 4/4
  2662 | D:4      | Noticed a black bear
  2668 | D:4      | Killed a black bear
  2669 | D:4      | Reached skill level 5 in Axes
  2687 | D:4      | Found a staircase to the Ecumenical Temple.
  2717 | D:4      | Reached skill level 5 in Fighting
  2717 | D:4      | Reached XP level 6. HP: 47/56 MP: 5/5
  3034 | D:4      | Found an opulent altar of Gozag.
  3633 | D:5      | Entered Level 5 of the Dungeon
  3633 | D:5      | Noticed a steam dragon
  3641 | D:5      | Killed a steam dragon
  3642 | D:5      | Reached skill level 5 in Armour
  3642 | D:5      | Reached XP level 7. HP: 48/62 MP: 6/6
  3658 | D:5      | Noticed a yak
  3660 | D:5      | Noticed a yak
  3662 | D:5      | Found a runed translucent door.
  3668 | D:5      | Killed a yak
  3669 | D:5      | Reached skill level 6 in Axes
  3669 | D:5      | Noticed a yak
  3669 | D:5      | Noticed a yak
  3673 | D:5      | Reached skill level 5 in Dodging
  3678 | D:5      | Killed a yak
  3683 | D:5      | Killed a yak
  3684 | D:5      | Reached XP level 8. HP: 63/71 MP: 7/7
  3691 | D:5      | Reached skill level 7 in Axes
  3760 | D:5      | Found a glowing drain.
  3771 | Sewer    | Entered a sewer
  3914 | Sewer    | Found a white marble altar of Elyvilon.
  3978 | D:5      | Noticed ox1011's ghost (novice MiBe)
  4249 | D:5      | Killed ox1011's ghost
  4298 | D:6      | Noticed Menkaure
  4304 | D:6      | Killed Menkaure
  4305 | D:6      | Reached skill level 8 in Axes
  4305 | D:6      | Reached XP level 9. HP: 72/81 MP: 8/8
  4539 | D:6      | Reached *** piety under Trog
  4558 | D:6      | Noticed Prince Ribbit
  4569 | D:6      | Killed Prince Ribbit
  4878 | D:6      | Found a shimmering blue altar of Sif Muna.
  5613 | D:7      | Noticed a sixfirhy
  5614 | D:7      | Found a runed translucent door.
  5900 | D:7      | Reached skill level 9 in Axes
  6301 | D:7      | Found Saimpou's Magic Scroll Shoppe.
  6307 | D:7      | Reached **** piety under Trog
  6432 | D:7      | Noticed Jeremiah
  6457 | D:7      | Jeremiah changed into Jeremiah the wind drake
  6457 | D:7      | Noticed Jeremiah
  6471 | D:7      | Killed Jeremiah the wind drake
  6880 | D:8      | Noticed a two-headed ogre
  6890 | D:8      | Killed a two-headed ogre
  6891 | D:8      | Reached XP level 10. HP: 75/91 MP: 9/9
  6894 | D:8      | Identified the +5 scale mail "Naenlefu" {Rampage Regen+}
  7275 | D:8      | Noticed Maurice
  7281 | D:8      | Reached skill level 10 in Axes
  7286 | D:8      | Reached skill level 10 in Fighting
  7287 | D:8      | Something stole an amulet of regeneration
  7289 | D:8      | Something stole 2 throwing nets
  7303 | D:8      | Something stole a serpent talisman
  7304 | D:8      | Something stole a throwing net
  7307 | D:8      | Something stole 484 gold
  7318 | D:8      | Maurice changed into Maurice the bullfrog
  7318 | D:8      | Noticed Maurice
  7319 | D:8      | Killed Maurice the bullfrog
  7403 | D:8      | Found a staircase to the Lair.
  7546 | D:8      | Found a blossoming altar of Fedhas.
  7650 | D:8      | Identified a scroll of acquirement
  7656 | D:8      | Acquired the +13 plate armour "Geplioxkin" {Int+5}
  7692 | D:9      | Identified the "Erufamack"
  7712 | D:9      | Found a sacrificial altar of Ru.
  7768 | D:9      | Found a basalt altar of Yredelemnul.
  7881 | D:9      | Reached skill level 10 in Armour
  8045 | D:9      | Found a transporter.
  8047 | D:9      | Noticed Pascal76's ghost (novice DsFi)
  8075 | D:9      | Found a transporter.
  8077 | D:9      | Noticed a moth of wrath
  8117 | D:9      | Noticed a gargoyle
  8127 | D:9      | Noticed a six-headed hydra
  8128 | D:9      | Killed a gargoyle
  8668 | D:9      | Reached XP level 11. HP: 81/101 MP: 10/10
  8669 | D:9      | Killed a 14-headed hydra
  8670 | D:9      | Reached skill level 11 in Axes
  8686 | D:9      | Killed Pascal76's ghost
  8687 | D:9      | Reached skill level 10 in Dodging
  8816 | D:10     | Entered Level 10 of the Dungeon
  8955 | D:10     | Found a snail-covered altar of Cheibriados.
  9106 | D:10     | Found a stormy altar of Qazlal.
  9222 | D:10     | Reached ***** piety under Trog
  9894 | D:11     | Noticed a boulder beetle
  9919 | D:11     | Killed a boulder beetle
  9920 | D:11     | Reached skill level 12 in Axes
 10681 | D:11     | Noticed a two-headed ogre
 10696 | D:11     | Killed a two-headed ogre
 10749 | D:12     | Noticed a two-headed ogre
 10758 | D:12     | Killed a two-headed ogre
 10759 | D:12     | Reached XP level 12. HP: 76/112 MP: 11/11
 10939 | D:12     | Noticed a boulder beetle
 11067 | D:12     | Identified the amulet "Pompitt" {Acrobat rElec Int+2}
 11244 | D:12     | Found a staircase to the Orcish Mines.
 11329 | D:12     | Noticed a boulder beetle
 11346 | D:12     | Killed a boulder beetle
 11440 | D:12     | Killed a boulder beetle
 11440 | D:12     | Received a gift from Trog
 11786 | Lair:1   | Entered Level 1 of the Lair of Beasts
 11880 | Lair:1   | Reached skill level 13 in Axes
 11957 | Lair:1   | Noticed a catoblepas
 11987 | Lair:1   | Killed a catoblepas
 12359 | Lair:1   | Noticed a boulder beetle
 12366 | Lair:1   | Killed a boulder beetle
 12377 | Lair:1   | Noticed Maggie
 12385 | Lair:1   | Killed Maggie
 13075 | Lair:2   | Reached XP level 13. HP: 123/123 MP: 12/12
 13531 | Lair:2   | Found a staircase to the Snake Pit.
 13729 | Lair:3   | Reached skill level 14 in Axes
 13823 | Lair:3   | Received a gift from Trog
 14223 | Lair:3   | Found a staircase to the Swamp.
 15086 | Lair:4   | Found a gate leading to a gauntlet.
 15095 | Gauntlet | Entered a Gauntlet
 15095 | Gauntlet | Found a transporter.
 15103 | Gauntlet | Found a transporter.
 15103 | Gauntlet | Found a transporter.
 15129 | Gauntlet | Found a runed translucent door.
 15133 | Gauntlet | Found a transporter.
 15143 | Gauntlet | Found a transporter.
 15145 | Gauntlet | Found a transporter.
 15146 | Gauntlet | Found a transporter.
 15151 | Gauntlet | Noticed a minotaur
 15155 | Gauntlet | Found a transporter.
 15157 | Gauntlet | Found a transporter.
 15158 | Gauntlet | Found a transporter.
 15166 | Gauntlet | Found a transporter.
 15169 | Gauntlet | Found a transporter.
 15170 | Gauntlet | Found a transporter.
 15181 | Gauntlet | Found a transporter.
 15568 | Gauntlet | Identified the +3 triple sword of the Ghost {spect, rPois
                  | rN+ Will++ Dex-2}
 15577 | Gauntlet | Killed a minotaur
 15623 | Gauntlet | Identified the +10 dagger "Noenerac" {venom, rN+ Dex+5}
 15623 | Gauntlet | Identified the +5 rapier of the Pharaoh's Fist {antimagic,
                  | *Noise rC+++ rN+ Str-5}
 15640 | Lair:4   | Found a staircase to the Slime Pits.
 15676 | Lair:4   | Found a runed translucent door.
 15700 | Lair:4   | Reached skill level 15 in Axes
 15708 | Lair:4   | Identified the +10 shortbow "Sejuorgh" {elec, Stlth+}
 15984 | Lair:4   | Found a transporter.
 16004 | Lair:4   | Found a one-way gate to the infinite horrors of the Abyss.
 16004 | Lair:4   | Noticed Tinttamiau's ghost (journeyman DEAE)
 16024 | Lair:4   | Found a transporter.
 16506 | Lair:5   | Entered Level 5 of the Lair of Beasts
 16520 | Lair:5   | Reached skill level 15 in Fighting
 16526 | Lair:5   | Reached XP level 14. HP: 135/135 MP: 13/13
 16531 | Lair:5   | Reached skill level 15 in Armour
 17116 | Lair:5   | Received a gift from Trog
 17678 | Lair:5   | Identified the +5 trident of Wealth {freeze, rElec Dex+3}
 17822 | Lair:4   | Killed Tinttamiau's ghost
 17823 | Lair:4   | Reached skill level 16 in Axes
 17971 | Abyss:3  | Cast into level 3 of the Abyss (spriggan rider)
 17976 | Abyss:3  | Noticed a juggernaut
 17976 | Abyss:3  | Demolished by a juggernaut

Illustrated notes

Levels and vault maps discovered:
D:1:      nicolae_arrival_washed_ashore, layout_basic, serial_bayou,
          serial_bayou_shore_b, serial_bayou_ford_a, serial_bayou_lagoon_a,
          serial_bayou_lake_a, serial_shops, nicolae_shop_behind_doors,
          minmay_fountain_box
D:2:      layout_basic, dilly_ecumenical_altar_fadedgnrine, basic_altar,
          due_unseen_surprise
D:3:      layout_basic, serial_bayou, serial_bayou_shore_b, serial_bayou_pond_d,
          serial_bayou_pond_e, serial_bayou_crossing
D:4:      layout_loops_corners, nicolae_gozag_seed_capital, temple_pool_b,
          kennysheep_nondescript
D:5:      layout_rooms, hellmonk_ghost_happy_afterlife, portal_sewer_entry_d
D:6:      layout_basic, hellmonk_sif_muna_bookshelves, uniq_prince_ribbit1,
          uniq_menkaure
D:7:      cheibrodos_shockbox, layout_loops_ring, serial_shops,
          nicolae_shop_statue_plus, uniq_jeremiah
D:8:      layout_gridville, fedhas_altar_4, lair_entry_dummy, uniq_maurice
D:9:      layout_loops_corners, mainiacjoe_overflow_brackets,
          mainiacjoe_overflow_chevrons, gammafunk_ghost_berserking_beasts
D:10:     layout_stronghold, nicolae_qazlal_eye_of_the_storm,
          mainiacjoe_overflow_alcove_1
D:11:     layout_loops_corners
D:12:     layout_gridville, minmay_orc_entry_temple_small, minmay_radiant
Lair:1:   hellmonk_ruined_rings, layout_concentric_octagons, grunt_megastairs_5,
          uniq_maggie
Lair:2:   layout_cave_pods, nicolae_snake_entry_squirm
Lair:3:   layout_regular_city, minmay_swamp_entry_wisps
Lair:4:   layout_regular_city, nicolae_slime_entry_field_trip,
          gauntlet_entry_generic, gammafunk_ghost_abyssal_escape,
          pf_torpor_hydra
Lair:5:   gammafunk_lair_ancient_temple, layout_long_grid
Abyss:3:  base: Lair:3, evilmike_abyss_rune_tso_outpost,
          hangedman_abyss_or_decor_jellyfish_corner, hangedman_decor_peaks_small

Skill      XL: |  1  2  3  4  5  6  7  8  9 10 11 12 13 14 |
---------------+-------------------------------------------+-----
Fighting       | 4 5 6 7 9 10 12 13 15 | 15.9
Axes           | 4 5 6 8 9 10 12 13 15 16 | 16.0
Armour         | 3 4 5 6 7 9 10 12 13 14 15 | 15.7
Dodging        | 3 4 5 6 8 9 11 12 13 14 | 14.5

Action                     |  1- 3 |  4- 6 |  7- 9 | 10-12 | 13-15 || total
---------------------------+-------+-------+-------+-------+-------++-------
  Melee: Hand axe          |    91 |    24 |    34 |   447 |       ||   596
         Headbutt          |    14 |     8 |    49 |   123 |    84 ||   278
         Punch             |     1 |       |     4 |     6 |       ||    11
         Whip              |       |    52 |   237 |       |       ||   289
         Battleaxe         |       |       |       |   117 |   313 ||   430
         Scimitar          |       |       |       |       |     7 ||     7
         Executioner's axe |       |       |       |       |    48 ||    48
 Invoke: Berserk           |       |     1 |     5 |     3 |     5 ||    14
         Trog's Hand       |       |       |     2 |     1 |     1 ||     4
  Evoke: Wand              |       |       |     1 |     2 |       ||     3
    Use: Potion            |       |     1 |       |     2 |     1 ||     4
         Scroll            |       |       |     8 |    10 |     7 ||    25
   Stab: Petrified         |       |       |       |     4 |       ||     4
 Armour: Ring mail         |    53 |    52 |   138 |    56 |       ||   299
         Animal skin       |     3 |       |       |       |       ||     3
         Plate armour      |       |       |       |   339 |   544 ||   883
  Dodge: Dodged            |    55 |    43 |   137 |   294 |   308 ||   837
  Block: Other             |       |    14 |    38 |    65 |       ||   117
         Reflection        |       |     2 |     1 |     4 |       ||     7

Table legend: (Time is in decaauts)
 A = Elapsed time spent in this place.
 B = Non-inter-level travel time spent in this place.
 C = Inter-level travel time spent in this place.
 D = Time resting spent in this place.
 E = Time spent auto-exploring this place.
 F = Levels seen in this place.
 G = Mean time per level.
                   A        B        C        D        E       F      G
               +--------+--------+--------+--------+--------+-----+--------+
         Total |  18083 |  17538 |    545 |    942 |  13162 |  20 |  904.2 |
       Dungeon |  11578 |  11141 |    437 |     91 |   9220 |  12 |  964.8 |
          Lair |   5749 |   5642 |    107 |    666 |   3773 |   5 | 1149.8 |
         Abyss |      4 |      4 |      0 |      0 |      0 |   1 |    4.0 |
         Sewer |    212 |    212 |      0 |      0 |    168 |   1 |  212.0 |
      Gauntlet |    539 |    539 |      0 |    184 |      0 |   1 |  539.0 |
               +--------+--------+--------+--------+--------+-----+--------+

Top non-repeatable levels by time:
  Lair:4: 1441 daAuts
  Lair:5: 1321 daAuts
     D:6: 1294 daAuts
     D:7: 1274 daAuts
  Lair:2: 1111 daAuts
     D:9: 1104 daAuts
    D:11: 1097 daAuts
  Lair:3: 1037 daAuts
     D:3: 984 daAuts
     D:4: 977 daAuts
    D:12: 918 daAuts
     D:2: 901 daAuts
     D:8: 874 daAuts
     D:1: 851 daAuts
  Lair:1: 837 daAuts
